 Dungeon Crawl Stone Soup version 0.28.0-45-g0d030f2227 (webtiles) character file.

Game seed: 7431553036885190012

49 sanboga the Shield-Bearer (level 3, -2/24 HPs)
             Began as a Gargoyle Fighter on Apr 21, 2022.
             Slain by Sigmund
             ... wielding a +0 scythe
              (6 damage)
             ... on level 3 of the Dungeon.
             The game lasted 00:01:37 (1489 turns).

sanboga the Shield-Bearer (Gargoyle Fighter)        Turns: 1489, Time: 00:01:37

Health: -2/24      AC: 11    Str: 21    XL:     3   Next: 77%
Magic:  3/3        EV:  9    Int:  8    God:
Gold:   103        SH:  4    Dex:  9    Spells: 2/2 levels left

rFire   . . .      SeeInvis .   a - +0 war axe
rCold   . . .      Faith    .   c - +0 buckler
rNeg    + . .      Spirit   .   b - +0 scale mail
rPois   ∞          Reflect  .   (no helmet)
rElec   +          Harm     .   f - +0 cloak
rCorr   .          Rampage  .   (no gloves)
Will    .....                   (no boots)
Stlth   ..........              (no amulet)
HPRegen 0.08/turn               (no ring)
MPRegen 0.08/turn               (no ring)

@: no status effects
A: sickness immunity, AC +3, negative energy resistance 1, electricity
resistance, torment resistance 1, petrification resistance
a: no special abilities


You were on level 3 of the Dungeon.
You visited 1 branch of the dungeon, and saw 3 of its levels.

You collected 103 gold pieces.

Inventory:

Hand Weapons
 a - a +0 war axe (weapon)
Armour
 b - a +0 scale mail (worn)
 c - a +0 buckler (worn)
 f - a +0 cloak (worn)
Scrolls
 e - a scroll of fear {unknown}
 i - a scroll of fog {unknown}
 j - 2 scrolls of identify {unknown}
 m - a scroll of brand weapon {unknown}
Potions
 d - a potion of might
 g - a potion of curing {unknown}
 h - a potion of mutation {unknown}
 k - a potion of berserk rage {unknown}
 l - a potion of heal wounds {unknown}


   Skills:
 + Level 3.6 Fighting
 * Level 2.6 Axes
 + Level 3.7 Armour
 + Level 3.7 Shields


You had 2 spell levels left.
You didn't know any spells.
Your spell library contained the following spells:

 Spells                   Type           Power      Damage    Failure   Level
 Pain                     Necr           0%         1d4       83%         1
 Gell's Gravitas          Tloc           0%         N/A       99%         3
 Lesser Beckoning         Tloc           0%         N/A       99%         3
 Teleport Other           Tloc           0%         N/A       99%         3
 Summon Ice Beast         Ice/Summ       0%         N/A       100%        4
 Agony                    Necr           0%         N/A       100%        5
 Excruciating Wounds      Necr           0%         N/A       100%        5
 Summon Mana Viper        Hex/Summ       0%         N/A       100%        5
 Monstrous Menagerie      Summ           0%         N/A       100%        7


Dungeon Overview and Level Annotations

Branches:
Dungeon (3/15)

Altars:
Sif Muna

Annotations:
D:3 Sigmund


Innate Abilities, Weirdness & Mutations

You are immune to sickness and miasma.
Your stone body is resilient. (AC +3)
You are immune to poison.
You resist negative energy. (rN+)
You are resistant to electric shocks. (rElec)
You are resistant to unholy torment.
You are immune to petrification.


Message History

You kill the adder!
Sigmund gestures at you while chanting.
The magic dart hits you but does no damage.
Found 22 gold pieces.
Found a shimmering blue altar of Sif Muna.
Sigmund mumbles some strange words.
Sigmund flickers and vanishes!
Deactivating autopickup; reactivate with Ctrl-A.
No target in view!
No target in view!
No target in view!
No target in view!
No target in view!
No target in view!
No target in view!
No target in view!
Found a scroll labelled NEALEA ONAC.
Something hits you but does no damage.
You hit something.
A hobgoblin comes into view.
Something hits you but does no damage.
You closely miss something. Something hits you.
You closely miss something. Something hits you but does no damage.
You barely miss something. Something hits you!
The hobgoblin closely misses you.
You barely miss something. You hit the hobgoblin but do no damage.
You block the hobgoblin's attack. Something hits you.
You miss something. You hit the hobgoblin. The hobgoblin hits you.
Something hits you but does no damage.
You hit something but do no damage. You slash the hobgoblin!
You kill the hobgoblin!
Something hits you but does no damage.
You barely miss something. You barely miss something. Something hits you.
* * * LOW HITPOINT WARNING * * *
You closely miss something. Something hits you but does no damage.
You closely miss something.
You hear some strange, mumbled words.
Something tries to affect you, but you resist.
Something hits you.
You die...

#....# #.# ...#
#..[.# #.#
###... #....#
#.# #...
#..<.###.###.#
#...##.....#...#
#.# ###.......#
.. #.........# #
#.#######.#
#......$.$@# #.
#.###.#{†.?..#
#. ...#.###### #
.._. #.# #....
#.# #.## #.. ..
... #..


There were no monsters in sight!

Vanquished Creatures
  An adder (D:3)
  2 worms
  6 dart slugs
  An endoplasm (D:1)
  A giant cockroach (D:2)
  3 goblins (D:1)
  2 hobgoblins
  A kobold (D:1)
  2 ball pythons (D:2)
  A bat (D:2)
  2 frilled lizards
  4 rats
26 creatures vanquished.

Notes
Turn   | Place    | Note
-------+----------+-------------------------------------------
     0 | D:1      | sanboga the Gargoyle Fighter began the quest for the Orb.
     0 | D:1      | Reached XP level 1. HP: 14/14 MP: 1/1
   134 | D:1      | Reached XP level 2. HP: 19/19 MP: 2/2
   893 | D:2      | Reached XP level 3. HP: 17/23 MP: 3/3
  1473 | D:3      | Noticed Sigmund
  1477 | D:3      | Found a shimmering blue altar of Sif Muna.
  1489 | D:3      | Slain by Sigmund

Illustrated notes

Levels and vault maps discovered:
D:1:      eino_arrival_cavern_a, layout_loops_ring
D:2:      layout_rooms, lightli_corner_chamber
D:3:      layout_rooms, mainiacjoe_overflow_cross_hatched, serial_shops,
          nicolae_shop_crystal, gammafunk_ghost_arena,
          minmay_fractal_squares_gapless_5, uniq_sigmund, uniq_jessica

Skill      XL: |  1 |
---------------+----+-----
Axes           | 2 |  2.6
Fighting       | |  3.6
Armour         | |  3.7
Shields        | |  3.7

Action                   || total
-------------------------++-------
Melee: War axe           ||    68
Armor: Scale mail        ||    44
Dodge: Dodged            ||    27
Block: Buckler           ||     9
